 Dungeon Crawl Stone Soup version 0.20-a0-270-g8e735b6 (webtiles) character file.

928 HarryHood the Covered (level 8, -3/51 HPs)
             Began as a Gargoyle Berserker on Dec 10, 2016.
             Was an Elder of Trog.
             Slain by a phantom (6 damage)
             ... on level 5 of the Dungeon on Dec 11, 2016.
             The game lasted 00:23:57 (4367 turns).

HarryHood the Covered (Gargoyle Berserker)          Turns: 4367, Time: 00:23:58

Health: -3/51      AC: 27    Str: 20    XL:     8   Next: 11%
Magic:  8/8        EV:  8    Int:  9    God:    Trog [****..]
Gold:   197        SH:  0    Dex: 11    Spells: 7/7 levels left

rFire  . . .     SeeInvis .     s - +0 mace (protect)
rCold  . . .     Gourm    .     o - +1 chain mail {rN+}
rNeg   + + +     Faith    +     (no shield)
rPois  ∞         Spirit   .     p - +0 helmet
rElec  +         Reflect  .     b - -1 cloak (curse)
rCorr  .         Harm     .     i - +1 pair of gloves
MR     .....                    (no boots)
Stlth  ..........               q - amulet of faith
                                (no ring)
                                d - ring of positive energy

@: protection aura, flying
A: negative energy resistance 1, electricity resistance, unbreathing,
petrification resistance, rot immunity, AC +5
a: Berserk, Trog's Hand, Brothers in Arms, Burn Spellbooks, Renounce Religion


You were on level 5 of the Dungeon.
You worshipped Trog.
Trog was greatly pleased with you.
You were very hungry.

You visited 2 branches of the dungeon, and saw 6 of its levels.

You collected 197 gold pieces.

Inventory:

Hand Weapons
 s - a +0 mace of protection (weapon)
Armour
 b - a cursed -1 cloak (worn)
 i - a +1 pair of gloves (worn)
 o - a +1 chain mail of positive energy (worn)
 p - a +0 helmet (worn)
 r - a +0 cloak
Jewellery
 d - a ring of positive energy (left hand)
 q - an amulet of faith (around neck)
Scrolls
 a - a scroll of blinking {unknown}
 f - a scroll of immolation {unknown}
 l - 2 scrolls of teleportation
 t - a scroll of recharging
 u - a scroll of identify
 w - a scroll of fog {unknown}
Potions
 e - 3 potions of curing
 h - 3 potions of agility
 k - 3 potions of flight
 m - a potion of haste {unknown}
Comestibles
 c - 3 bread rations
 g - 3 meat rations
 j - a slice of pizza
 n - 8 fruits
 v - 7 chunks of flesh


   Skills:
 - Level 6.0 Fighting
 * Level 6.2 Maces & Flails
 - Level 6.3 Armour
 - Level 1.5 Dodging


You had 7 spell levels left.
You didn't know any spells.

Dungeon Overview and Level Annotations

Branches:
Dungeon (5/15)             Temple (1/1) D:4

Altars:
Ashenzari
Cheibriados
Dithmenos
Elyvilon
Fedhas
Gozag
Hepliaklqana
Kikubaaqudgha
Makhleb
Nemelex Xobeh
Okawaru
Qazlal
Ru
Trog
Uskayaw
Vehumet
Xom
Yredelemnul
Zin
The Shining One

Annotations:
D:5 Duvessa, Pikel, Prince Ribbit


Innate Abilities, Weirdness & Mutations

You are resistant to torment.
Your stone body is resilient. (AC +5)
You are immune to poison.
You resist negative energy. (rN+)
You are resistant to electric shocks. (rElec)
You can survive without breathing.
You are immune to petrification.
You are immune to rotting.


Message History

The slave hits you but does no damage.
The slave closely misses your black bear.
You miss the slave.
The slave is moderately wounded.
Your black bear closely misses Pikel.
Your black bear barely misses Pikel.
Your black bear claws Pikel.
Pikel drinks a potion.
Pikel is healed!
The crimson imp hits your black bear.
The phantom hits you but does no damage.
Your black bear completely misses Pikel.
Your black bear claws Pikel but does no damage. x2
The slave barely misses you. The slave hits your black bear.
Pikel hits your black bear with a whip of flaming!
Pikel burns your black bear.
You closely miss the slave.
The slave is moderately wounded.
Your black bear closely misses the slave.
Your black bear claws the slave but does no damage.
Your black bear claws the slave.
The crimson imp hits your black bear. The phantom hits you.
You die...

#.. #....#.#. .##.>
.#.#...#....#... ....
....5.......#.#. #...
......#... #.#. #...
..........##.#. #...
#.#...#.##...#. #...
#§#...#.##...#.
.#.#..W###5#...#)##.....
.......@pKh....)........
##.#'#.###p#.#.#........
........#)#.#........##
..........#.....######.
.........##......... ..
#........###.#...### ##.
#........# #.#...... #.
.......... .........
......... .........


You could see Pikel, a phantom, 2 slaves, a crimson imp and a friendly black
bear (berserk).

Vanquished Creatures
  A phantom (D:4)
  A slave (D:5)
  A sky beast (D:5)
  An ogre (D:4)
  A centaur (D:4)
  2 scorpions
  Dowan (D:5)
  Crazy Yiuf (D:2)
  A bullfrog skeleton (D:5)
  2 orc priests
  An orc wizard (D:3)
  2 hound skeletons
  Robin (D:2)
  8 adders
  4 gnolls (D:5)
  An ooze (D:3)
  3 worms
  A dart slug (D:4)
  5 leopard geckos
  18 orcs
  2 ball pythons
  7 bats
  3 giant cockroaches
  18 goblins
  13 hobgoblins
  5 jackals
  12 kobolds
  A quokka (D:4)
  4 frilled lizards
  3 rats (D:3)
124 creatures vanquished.

Notes
Turn   | Place    | Note
-------+----------+-------------------------------------------
     0 | D:1      | HarryHood the Gargoyle Berserker began the quest for the Orb.
     0 | D:1      | Reached XP level 1. HP: 14/14 MP: 1/1
    82 | D:1      | Reached XP level 2. HP: 13/19 MP: 2/2
   452 | D:1      | Reached XP level 3. HP: 23/23 MP: 3/3
  1300 | D:2      | Reached ** piety under Trog
  1419 | D:2      | Found a runed door.
  1512 | D:2      | Reached XP level 4. HP: 28/28 MP: 4/4
  1580 | D:2      | Noticed Robin
  1591 | D:2      | Killed Robin
  1591 | D:2      | Reached skill level 5 in Maces & Flails
  2070 | D:2      | Noticed Crazy Yiuf
  2074 | D:2      | Killed Crazy Yiuf
  2074 | D:2      | Reached XP level 5. HP: 32/32 MP: 5/5
  2706 | D:3      | Reached *** piety under Trog
  2745 | D:3      | Found a shimmering altar of Xom.
  2745 | D:3      | Found an opulent altar of Gozag.
  2745 | D:3      | Found a sacrificial altar of Ru.
  2748 | D:3      | Found a glowing golden altar of the Shining One.
  2824 | D:3      | Reached XP level 6. HP: 26/39 MP: 6/6
  3030 | D:4      | Reached skill level 5 in Fighting
  3300 | D:4      | Noticed a phantom
  3343 | D:4      | Reached **** piety under Trog
  3343 | D:4      | Reached XP level 7. HP: 31/46 MP: 7/7
  3668 | D:4      | Found a staircase to the Ecumenical Temple.
  3672 | Temple   | Entered the Ecumenical Temple
  3971 | D:5      | Entered Level 5 of the Dungeon
  4055 | D:5      | Noticed Prince Ribbit
  4159 | D:5      | Reached skill level 5 in Armour
  4248 | D:5      | Noticed Duvessa
  4251 | D:5      | Noticed Dowan
  4282 | D:5      | Killed Dowan
  4304 | D:5      | Reached XP level 8. HP: 34/51 MP: 8/8
  4341 | D:5      | Noticed Pikel
  4367 | D:5      | Slain by a phantom

Vault maps used:
D:1:      lightli_arrival_boilingwater, roderic_roman_lattice
D:2:      kennysheep_goblin_castle, uniq_crazy_yiuf_cottage
D:3:      grunt_temple_overflow_open, minmay_distorted
D:5:      first_bread, uniq_pikel, uniq_eustachio, uniq_duvessa,
          uniq_prince_ribbit1
Temple:   compressed_dpeg_circular_temple

Skill      XL: |  1  2  3  4  5  6  7 |
---------------+----------------------+-----
Maces & Flails | 4 5 6 |  6.2
Fighting       | 4 6 |  6.0
Armour         | 3 6 |  6.3
Dodging        | |  1.5

Action                   |  1- 3 |  4- 6 |  7- 9 || total
-------------------------+-------+-------+-------++-------
Melee: Mace              |   134 |   331 |   194 ||   659
Invok: Berserk           |       |     2 |     2 ||     4
       Brothers in Arms  |       |       |     1 ||     1
  Use: Scroll            |     1 |     6 |       ||     7
       Potion            |       |       |     1 ||     1
  Eat: Chunk             |     2 |     4 |     4 ||    10
       Bread ration      |       |     1 |       ||     1
       Fruit             |       |       |     1 ||     1
Armor: Animal skin       |     6 |       |       ||     6
       Leather armour    |    50 |       |       ||    50
       Chain mail        |    33 |   257 |   202 ||   492
Dodge: Dodged            |    96 |   159 |   106 ||   361
